 Dungeon Crawl Stone Soup version 0.30-a0-782-ge64f9170bb (webtiles) character file.

Game seed: 13093093848837484148

1530 Leeroy the Carver (level 8, 0/56 HPs)
             Began as a Merfolk Gladiator on Feb 25, 2023.
             Slain by an ice beast (3 damage)
             ... on level 6 of the Dungeon.
             The game lasted 00:06:03 (5159 turns).

Leeroy the Carver (Merfolk Gladiator)               Turns: 5159, Time: 00:06:04

Health: 0/56       AC:  5    Str: 15    XL:     8   Next: 85%
Magic:  8/8        EV: 13    Int:  7    God:
Gold:   273        SH:  0    Dex: 17    Spells: 7/7 levels left

rFire   + . .      SeeInvis .    a - +0 long sword
rCold   + . .      Faith    .    (no shield)
rNeg    . . .      Spirit   .    b - +0 leather armour
rPois   +          Reflect  .    c - +0 helmet
rElec   +          Harm     .    r - +0 cloak
rCorr   +          Rampage  .    (no gloves)
Will    .....                    (no boots)
Stlth   +                        (no amulet)
HPRegen 0.29/turn                h - ring of poison resistance
MPRegen 0.11/turn                (no ring)

@: resistant, slowed, very slow
A: (nimble swimmer 2), mertail
a: no special abilities


You were on level 6 of the Dungeon.
You visited 1 branch of the dungeon, and saw 6 of its levels.

You collected 273 gold pieces.

Inventory:

Hand Weapons
 a - a +0 long sword (weapon)
Missiles
 e - a javelin (quivered)
 g - 6 boomerangs
 v - 5 atropa-tipped darts
Armour
 b - a +0 leather armour (worn)
 c - a +0 helmet (worn)
 r - a +0 cloak (worn)
Jewellery
 h - a ring of poison resistance (left hand)
Wands
 p - a wand of digging (4)
Scrolls
 j - 3 scrolls of teleportation {unknown}
 m - a scroll of magic mapping {unknown}
 n - 2 scrolls of amnesia {unknown}
 o - a scroll of noise {unknown}
 s - a scroll of immolation {unknown}
 u - 5 scrolls of identify {unknown}
Potions
 f - 2 potions of resistance
 i - 3 potions of curing
 k - a potion of haste {unknown}
 l - a potion of mutation {unknown}
 q - 2 potions of flight {unknown}
 t - 2 potions of attraction


   Skills:
 - Level 2.1 Fighting
 + Level 13.2 Long Blades
 - Level 2.0 Throwing
 - Level 4.0 Dodging


You had 7 spell levels left.
You didn't know any spells.
Your spell library contained the following spells:

 Spells                   Type           Power      Damage    Failure   Level
 Magic Dart               Conj           0%         1d3       50%         1
 Necrotise                Necr           0%         1d4       50%         1
 Cigotuvi's Dreadful Rot  Necr/Pois/Air  0%         N/A       65%         2
 Poisonous Vapours        Pois/Air       0%         N/A       65%         2
 Inner Flame              Hex/Fire       0%         N/A       86%         3
 Mephitic Cloud           Conj/Pois/Air  0%         N/A       86%         3
 Vampiric Draining        Necr           0%         2d6       86%         3
 Flame Wave               Conj/Fire      0%         2d4       99%         4
 Sticky Flame             Conj/Fire      0%         2d3       99%         4
 Agony                    Necr           0%         N/A       100%        5
 Starburst                Conj/Fire      0%         6d3       100%        6


Dungeon Overview and Level Annotations

Branches:
Dungeon (6/15)
 Temple: D:4-7

Altars:
Ru

Shops:
D:3 =   D:4 (   D:5 =


Innate Abilities, Weirdness & Mutations

((You are very nimble when in or above water. (Stealth+, EV+, Speed+++)))
Your lower body shifts to a powerful aquatic tail in water.


Message History

The ice beast is caught in the net!
The ice beast is moderately wounded.
The ice beast struggles against the net.
You hit the ice beast.
The ice beast is heavily wounded.
The ice beast struggles against the net.
You hit the ice beast but do no damage.
The ice beast is heavily wounded.
The ice beast struggles against the net.
You hit the ice beast but do no damage.
The ice beast is heavily wounded.
The ice beast struggles against the net.
You hit the ice beast.
The ice beast is heavily wounded.
The ice beast struggles against the net.
The net rips apart, and the ice beast comes free!
You barely miss the ice beast.
The ice beast is heavily wounded.
The ice beast closely misses you.
The ice beast hits you but does no damage.
Okay, then.
Okay, then.
It was a potion of resistance.
You feel protected.
The ice beast hits you but does no damage.
You hit the ice beast but do no damage. Your punch misses the ice beast.
The ice beast is heavily wounded.
The ice beast hits you but does no damage.
You closely miss the ice beast.
The ice beast is heavily wounded.
The ice beast hits you.
* * * LOW HITPOINT WARNING * * *
The ice beast freezes you. You resist.
* * * LOW HITPOINT WARNING * * *
You feel better. The ice beast barely misses you. The ice beast hits you.
* * * LOW HITPOINT WARNING * * *
The ice beast freezes you. You resist.
* * * LOW HITPOINT WARNING * * *
The ice beast hits you.
You die...

..###.... .........
........## ..
.........## .....
..........# ......
......$...##.......
...................
.......@..........
........Y.....(.#
...........(...#
...............##
................##.
........)..........
.........<.##......
..........## ##....
.........## #..


You could see an ice beast.

Vanquished Creatures
  Pikel (D:4)
  Sigmund (D:2)
  A wraith (D:6)
  An ice beast (D:5)
  A lemure (D:4)
  A scorpion (D:5)
  A hound (D:2)
  2 orc priests
  Crazy Yiuf (D:2)
  A gnoll bouda (D:4)
  2 jellies
  2 iguanas
  3 orc wizards
  Terence (D:2)
  13 gnolls
  2 adders
  A worm (D:3)
  7 dart slugs
  15 orcs
  A bat (D:3)
  7 endoplasms
  4 giant cockroaches
  5 goblins
  9 hobgoblins
  5 jackals
  9 kobolds
  3 quokkas
  12 ball pythons
  3 frilled lizards
  6 rats
121 creatures vanquished.

Vanquished Creatures (others)
  A plant (D:4)
1 creature vanquished.

Grand Total: 122 creatures vanquished

Notes
Turn   | Place    | Note
-------+----------+-------------------------------------------
     0 | D:1      | Leeroy the Merfolk Gladiator began the quest for the Orb.
     0 | D:1      | Reached XP level 1. HP: 16/16 MP: 1/1
    30 | D:1      | Reached skill level 4 in Long Blades
    46 | D:1      | Reached XP level 2. HP: 17/22 MP: 2/2
   229 | D:1      | Reached skill level 5 in Long Blades
   229 | D:1      | Reached XP level 3. HP: 26/27 MP: 3/3
   401 | D:1      | Found a faded altar of an unknown god.
   558 | D:2      | Reached skill level 6 in Long Blades
   558 | D:2      | Reached XP level 4. HP: 11/33 MP: 4/4
   754 | D:2      | Noticed Terence
   763 | D:2      | Killed Terence
   911 | D:2      | Noticed Sigmund
   926 | D:2      | Killed Sigmund
   927 | D:2      | Reached skill level 8 in Long Blades
   927 | D:2      | Reached XP level 5. HP: 21/38 MP: 5/5
   927 | D:2      | Reached XP level 6. HP: 24/44 MP: 6/6
  1097 | D:2      | Found a runed translucent door.
  1098 | D:2      | Noticed Crazy Yiuf
  1285 | D:2      | Killed Crazy Yiuf
  1546 | D:3      | Got the Vellum of Destructive Sparks
  1919 | D:3      | Reached skill level 9 in Long Blades
  2496 | D:3      | Found Loutadiq's Jewellery Shoppe.
  2750 | D:4      | Found Xyqirab's Antique Weapon Boutique.
  2805 | D:4      | Reached XP level 7. HP: 18/50 MP: 7/7
  2989 | D:4      | Noticed Pikel
  3017 | D:4      | Killed Pikel
  3018 | D:4      | Reached skill level 11 in Long Blades
  3018 | D:4      | Reached XP level 8. HP: 47/56 MP: 8/8
  3536 | D:5      | Entered Level 5 of the Dungeon
  3562 | D:5      | Found a sacrificial altar of Ru.
  4188 | D:4      | Reached skill level 12 in Long Blades
  4288 | D:5      | HP: 1/56 [ice beast (10)]
  4851 | D:5      | Found Quntoeg's Jewellery Shoppe.
  5121 | D:6      | Noticed a wraith
  5140 | D:6      | Killed a wraith
  5141 | D:6      | Reached skill level 13 in Long Blades
  5157 | D:6      | HP: 2/56 [ice beast (4)]
  5159 | D:6      | Slain by an ice beast

Illustrated notes

Levels and vault maps discovered:
D:1:      minmay_arrival_wavy_path, layout_rooms,
          chequers_ecumenical_altar_simple, minmay_heptomino_o4
D:2:      layout_basic, uniq_terence, uniq_sigmund, uniq_crazy_yiuf_cottage
D:3:      layout_basic, serial_shops, nicolae_shop_window_shopping
D:4:      cheibrodos_quashed, layout_rooms, serial_shops,
          nicolae_shop_overgrown_old_shop, uniq_pikel
D:5:      layout_rooms, hangedman_ru_absence, serial_shops, nicolae_square_shop
D:6:      layout_layer_cave, temple_hall

Skill      XL: |  1  2  3  4  5  6  7  8 |
---------------+-------------------------+-----
Long Blades    | 4 5 6 8 9 11 13 | 13.2
Fighting       | |  2.1
Throwing       | |  2.0
Dodging        | |  4.0

Action                     |  1- 3 |  4- 6 |  7- 9 || total
---------------------------+-------+-------+-------++-------
  Melee: Long sword        |    79 |   165 |   207 ||   451
         Punch             |       |     2 |     4 ||     6
  Throw: Throwing net      |       |     3 |     7 ||    10
    Use: Potion            |       |       |     4 ||     4
   Stab: Sleeping          |     1 |     3 |       ||     4
         Held in net/web   |       |       |     3 ||     3
 Armour: Leather armour    |    25 |    32 |    54 ||   111
  Dodge: Dodged            |    49 |    89 |   122 ||   260

Table legend: (Time is in decaauts)
 A = Elapsed time spent in this place.
 B = Non-inter-level travel time spent in this place.
 C = Inter-level travel time spent in this place.
 D = Time resting spent in this place.
 E = Time spent auto-exploring this place.
 F = Levels seen in this place.
 G = Mean time per level.
                   A        B        C        D        E       F      G
               +--------+--------+--------+--------+--------+-----+--------+
         Total |   5144 |   4985 |    159 |    511 |   3560 |   6 |  857.3 |
       Dungeon |   5144 |   4985 |    159 |    511 |   3560 |   6 |  857.3 |
               +--------+--------+--------+--------+--------+-----+--------+

Top non-repeatable levels by time:
     D:3: 1379 daAuts
     D:4: 1287 daAuts
     D:5: 1055 daAuts
     D:2: 825 daAuts
     D:1: 553 daAuts
     D:6: 44 daAuts
